AoeStats
← Bear

Baltic

510804357Analyzed
4v4 RM · 1d ago on Oct 2, 2026· 56m 59s· 8 players
Game mode
Random Map
Map size
Large (8 player)
Population
200
Speed
Normal
Resources
Standard
Victory
Conquest
Starting age
Dark Age
Ending age
Imperial Age
RankedLock teamsTeams togetherTeam positionsShared explorationLock speedFull tech treeHidden civsTurbo modeCheats
Victory
Defeat
🇹🇷 Goths · Türkiye
1381
+15
🇭🇰 Gurjaras · Hong Kong SAR China
1333
+17
🇨🇳 Koreans · China
1322
+18
🇨🇳 Franks · China
1265
+19
🇭🇰 Teutons · Hong Kong SAR China
1388
-19
🇦🇷 Vikings · Argentina
1380
-18
🇦🇷 Britons · Argentina
1376
-18
1276
-14
WanGGG
4:47 Loom
11:42 Feudal Age
13:46 Double-Bit Axe
19:07 Horse Collar
28:26 Castle Age
29:33 Bow Saw
29:49 Heavy Plow
32:43 Gold Mining
32:44 Stone Mining
38:16 Imperial Age
37:14 Bloodlines
37:04 Husbandry
38:09 Gold Shaft Mining
39:19 Wheelbarrow
38:30 Town Watch
40:06 Chemistry
39:58 Padded Archer Armor
40:12 Elite Skirmisher
41:11 Leather Archer Armor
41:40 Conscription
44:01 Fletching
45:21 Crop Rotation
45:18 Devotion
47:28 Light Cavalry
49:54 Caravan
50:19 Hand Cart
51:19 Masonry
51:29 Ballistics
51:06 Bodkin Arrow
51:17 Scale Barding Armor
51:54 Forging
51:51 Hussar
53:38 Chain Barding Armor
54:03 Coinage
55:10 Plate Barding Armor
55:10 Iron Casting
54:45 Bracer
55:52 Thumb Ring
57:42 Architecture
GdR_!nF@Z
10:19 Feudal Age
8:37 Loom
10:22 Feudal Age
11:01 Double-Bit Axe
18:02 Castle Age
16:28 Gold Mining
18:07 Wheelbarrow
18:21 Bloodlines
18:55 Husbandry
19:01 Scale Barding Armor
19:11 Forging
19:47 Bow Saw
20:47 Scale Barding Armor
21:34 Fishing Lines
23:21 Scale Mail Armor
25:26 Horse Collar
25:25 Pikeman
27:55 Iron Casting
28:15 Town Watch
32:26 Hand Cart
32:25 Heavy Plow
32:19 Stone Mining
36:21 Imperial Age
34:08 Scale Mail Armor
34:17 Squires
35:46 Anarchy
37:34 Conscription
36:59 Halberdier
39:52 Chain Mail Armor
40:37 Blast Furnace
41:51 Chemistry
41:02 Masonry
41:11 Padded Archer Armor
41:10 Elite Huskarl
45:30 Leather Archer Armor
45:38 Ballistics
48:01 Caravan
50:03 Architecture
49:29 Murder Holes
52:16 Ring Archer Armor
56:02 Fletching
SimonGood
6:28 Loom
8:58 Feudal Age
11:24 Double-Bit Axe
11:32 Fletching
20:02 Castle Age
20:05 Gold Mining
20:04 Crossbowman
21:01 Bow Saw
21:01 Bodkin Arrow
22:50 Horse Collar
27:08 Wheelbarrow
29:21 Ballistics
41:04 Gold Shaft Mining
41:46 Hand Cart
41:27 Stone Mining
45:38 Imperial Age
43:18 Scale Mail Armor
43:40 Squires
44:18 Chain Mail Armor
45:27 Forging
45:05 Arson
45:40 Elite Fire Lancer
46:59 Plate Mail Armor
47:41 Iron Casting
47:29 Conscription
47:30 Capped Ram
49:11 Treadmill Crane
945100118
12:55 Feudal Age
18:09 Castle Age
16:38 Double-Bit Axe
16:36 Fishing Lines
19:37 Bow Saw
19:21 Gillnets
24:23 Wheelbarrow
23:42 Gold Mining
25:03 Scale Barding Armor
26:26 Gold Shaft Mining
26:18 Hand Cart
26:58 Stone Mining
31:48 Imperial Age
29:06 Town Watch
29:06 Loom
31:26 Husbandry
32:00 Chain Barding Armor
32:00 Cavalier
33:42 Chivalry
34:04 Forging
34:24 Ordonnance Companies
35:27 Conscription
35:54 Plate Barding Armor
35:55 Iron Casting
37:50 Chemistry
39:00 Paladin
47:50 Ordonnance Companies
47:51 Elite Throwing Axeman
49:35 Blast Furnace
50:21 Caravan
50:52 Coinage
56:42 Scale Mail Armor
All Conquistadors Are BSTRD
10:44 Feudal Age
14:59 Castle Age
15:04 Forging
15:03 Double-Bit Axe
14:59 Horse Collar
16:10 Loom
16:17 Fishing Lines
20:22 Scale Barding Armor
21:34 Chain Barding Armor
21:58 Gillnets
22:32 Bloodlines
24:12 Wheelbarrow
23:23 Town Watch
26:03 Husbandry
27:56 Gold Mining
33:50 Iron Casting
38:00 Imperial Age
35:50 Hand Cart
38:27 Heavy Camel Rider
39:46 Plate Barding Armor
39:34 Conscription
39:35 Farimba
46:39 Ballistics
46:27 Murder Holes
46:44 Masonry
47:35 Chemistry
48:36 Light Cavalry
BB429
5:26 Loom
8:25 Feudal Age
21:28 Double-Bit Axe
21:41 Horse Collar
28:23 Castle Age
27:16 Fletching
30:00 Wheelbarrow
29:43 Gold Mining
34:23 Imperial Age
33:45 Bow Saw
34:45 Bodkin Arrow
35:12 Ballistics
38:59 Scale Mail Armor
41:05 Chain Mail Armor
43:58 Hand Cart
43:28 Town Watch
44:44 Two-Man Saw
43:45 Heavy Plow
45:30 Padded Archer Armor
45:45 Elite Skirmisher
46:41 Leather Archer Armor
48:10 Ring Archer Armor
48:41 Chemistry
Bear
10:55 Feudal Age
17:20 Castle Age
16:36 Double-Bit Axe
17:04 Scale Barding Armor
17:12 Forging
23:47 Chain Barding Armor
24:03 Iron Casting
23:23 Loom
27:19 Bow Saw
26:50 Horse Collar
31:40 Pikeman
33:23 Squires
33:25 Scale Mail Armor
34:59 Chain Mail Armor
35:48 Town Watch
36:50 Fletching
38:52 Man-at-Arms
39:18 Arson
42:07 Imperial Age
39:42 Heavy Plow
39:32 Gold Mining
39:33 Stone Mining
40:08 Long Swordsman
42:30 Bodkin Arrow
42:13 Two-Handed Swordsman
44:16 Plate Mail Armor
44:50 Champion
51:05 Blast Furnace
53:13 Elite Skirmisher
54:27 Padded Archer Armor
54:28 Bracer
TanjiroK
7:47 Loom
10:25 Feudal Age
15:09 Castle Age
15:00 Fletching
21:25 Crossbowman
25:36 Ballistics
25:26 Padded Archer Armor
26:41 Bodkin Arrow
28:36 Leather Archer Armor
34:49 Horse Collar
40:25 Wheelbarrow
40:34 Town Watch
50:38 Imperial Age
52:45 Chemistry
52:25 Bracer
Connection lost

Rejoining the realm…

Still unreachable

The connection could not be restored.

Session expired

The server has moved on; the page needs a fresh start.